 Dungeon Crawl Stone Soup version 0.21.1-1-g345015fe64 (webtiles) character file.

194 KingHarkinian the Chopper (level 5, 0/49 HPs)
             Began as a Naga Fighter on Apr 17, 2018.
             Slain by a gnoll
             ... wielding a +0 spear
              (10 damage)
             ... on level 3 of the Dungeon.
             The game lasted 00:11:14 (2505 turns).

KingHarkinian the Chopper (Naga Fighter)            Turns: 2505, Time: 00:11:15

Health: 0/49       AC:  5    Str: 19    XL:     5   Next: 73%
Magic:  5/5        EV:  5    Int: 11    God:
Gold:   72         SH:  8    Dex: 11    Spells: 4/4 levels left

rFire    . . .     SeeInvis +   a - +0 war axe
rCold    . . .     Gourm    .   c - +0 shield
rNeg     . . .     Faith    .   b - +0 scale mail
rPois    +         Spirit   .   (no helmet)
rElec    .         Reflect  .   (no cloak)
rCorr    .         Harm     .   (no gloves)
MR       .....                  (no barding)
Stlth    +.........             (no amulet)
HPRegen  0.16/turn              l - +3 ring of intelligence
MPRegen  0.09/turn              (no ring)

@: very slow
A: large, see invisible, deformed body, poison resistance, slowness 2, slow
metabolism 1, spit poison 1, AC +1
a: Spit Poison


You were on level 3 of the Dungeon.
You were not hungry.

You visited 1 branch of the dungeon, and saw 3 of its levels.

You collected 72 gold pieces.


Innate Abilities, Weirdness & Mutations

You cannot wear boots.
Your serpentine skin is tough. (AC +1)
You have supernaturally acute eyesight. (SInv)
Armour fits poorly on your strangely shaped body.
Your system is resistant to poisons. (rPois)
You cover ground very slowly.
You have a slow metabolism.
You can spit poison.


   Skills:
 - Level 3.0 Fighting
 * Level 4.8 Axes
 - Level 2.4 Armour
 + Level 4.6 Stealth
 - Level 2.4 Shields


You had 4 spell levels left.
You didn't know any spells.

Inventory:

Hand Weapons
 a - a +0 war axe (weapon)
 i - a +2 whip of flaming
Missiles
 f - 107 stones (quivered)
Armour
 b - a +0 scale mail (worn)
 c - a +0 shield (worn)
Jewellery
 l - a +3 ring of intelligence (left hand)
 q - an uncursed amulet of regeneration {unknown}
Scrolls
 g - a scroll of teleportation {unknown}
 h - 2 scrolls of immolation {unknown}
 k - a scroll of fog {unknown}
 o - a scroll of remove curse {unknown}
 p - a scroll of amnesia {unknown}
Potions
 d - a potion of mutation {unknown}
 e - 2 potions of flight {unknown}
 m - a potion of lignification {unknown}
 n - 2 potions of heal wounds {unknown}
 r - 2 potions of invisibility {unknown}
Comestibles
 j - a chunk of flesh
 z - 6 rations

Dungeon Overview and Level Annotations

Branches:
Dungeon (3/15)

Altars:
Fedhas

Annotations:
D:2 1 runed door

.......................
...........#............
..............##...<....
.................#.#####
..............###.#.
..........##### #.
..........## # .#
...........# #.#
......P@P..# #.
....###h#### # #### +.g
..... #... ..... +...#
....g. ##### ...8..
.8...8 ...... ......


You could see a hound and a gnoll.


Message History

* * * LOW HITPOINT WARNING * * *
Okay, then.
Okay, then.
You closely miss the hound.
The hound is lightly wounded.
You hit the bush but do no damage. You hit the bush but do no damage.
The hound bites you.
* * * LOW HITPOINT WARNING * * *
You block the gnoll's attack. The hound completely misses you.
Your shield and scale mail prevent you from hitting the hound.
The hound is lightly wounded.
You hit the bush. You hit the bush but do no damage.
The hound barely misses you.
The gnoll hits you from afar with a spear.
* * * LOW HITPOINT WARNING * * *
The hound bites you but does no damage.
You closely miss the hound.
The hound is lightly wounded.
You hit the bush but do no damage. You hit the bush but do no damage.
You have got your breath back.
The gnoll hits you from afar with a spear.
* * * LOW HITPOINT WARNING * * *
The hound bites you.
* * * LOW HITPOINT WARNING * * *
The gnoll hits you from afar with a spear!
You die...

Action                   |  1- 3 |  4- 6 || total
-------------------------+-------+-------++-------
Melee: War axe           |    98 |   154 ||   252
Throw: Stone             |    28 |    53 ||    81
 Abil: Spit Poison       |       |     1 ||     1
  Use: Potion            |     1 |       ||     1
  Eat: Chunk             |       |     4 ||     4
Armor: Scale mail        |    42 |    75 ||   117
Dodge: Dodged            |    29 |    48 ||    77
Block: Shield            |    57 |    82 ||   139

Vault maps used:
D:1:      co_arrival_square_in_a_square_in_a_square
D:2:      minmay_item_behind_shaft, interstate_on_off, fedhas_altar_fruit_tree,
          uniq_crazy_yiuf_cottage, uniq_terence
D:3:      wad_pebble_path, nicolae_overflow_hidden_temple, moated_statue,
          cheibrodos_gnoll_hut

Notes
Turn   | Place    | Note
-------+----------+-------------------------------------------
     0 | D:1      | KingHarkinian the Naga Fighter began the quest for the Orb.
     0 | D:1      | Reached XP level 1. HP: 21/21 MP: 1/1
    26 | D:1      | Reached skill level 1 in Stealth
    58 | D:1      | Reached XP level 2. HP: 9/28 MP: 2/2
   500 | D:1      | Reached skill level 2 in Stealth
   505 | D:1      | Reached skill level 3 in Axes
   806 | D:1      | Reached XP level 3. HP: 34/34 MP: 3/3
  1195 | D:2      | Noticed Terence
  1202 | D:2      | Killed Terence
  1202 | D:2      | Reached skill level 3 in Stealth
  1202 | D:2      | Reached XP level 4. HP: 39/42 MP: 4/4
  1342 | D:2      | Found a blossoming altar of Fedhas.
  1589 | D:2      | Reached skill level 4 in Axes
  1738 | D:2      | Found a runed door.
  1926 | D:2      | Reached XP level 5. HP: 34/49 MP: 5/5
  1992 | D:2      | Reached skill level 4 in Stealth
  2505 | D:3      | Slain by a gnoll

Vanquished Creatures
  A hound (D:3)
  An orc wizard (D:2)
  Terence (D:2)
  3 adders
  An ooze (D:1)
  2 worms (D:3)
  3 dart slugs
  A leopard gecko (D:1)
  3 orcs (D:2)
  A giant cockroach (D:2)
  9 goblins
  12 hobgoblins
  2 jackals (D:2)
  2 quokkas
  A ball python (D:1)
  7 bats
  3 frilled lizards
  3 kobolds (D:2)
  10 rats
66 creatures vanquished.
